 Seeded DCSS version 0.30.1-11-g7821555f0a (webtiles) character file.

Game seed: 3782068419145777066 (custom seed)

88 fireball365 the Trooper (level 4, 0/40 HPs)
             Began as a Hill Orc Fighter on Nov 23, 2023.
             Succumbed to Crazy Yiuf's poison
             ... on level 3 of the Dungeon.
             The game lasted 00:02:23 (1582 turns).

fireball365 the Trooper (Hill Orc Fighter)          Turns: 1582, Time: 00:02:24

Health: 0/40       AC:  8    Str: 20    XL:     4   Next: 53%
Magic:  4/4        EV:  9    Int:  8    God:
Gold:   191        SH:  0    Dex: 10    Spells: 3/3 levels left

rFire   . . .        a - +0 war axe
rCold   . . .        c - +0 buckler
rNeg    . . .        b - +0 scale mail
rPois   .            (no helmet)
rElec   .            (no cloak)
rCorr   .            h - +0 pair of gloves
SInv    .            (no boots)
Will    .....        (no amulet) Stlth
                     (no ring)
HPRegen 0.26/turn    (no ring)
MPRegen 0.09/turn

%: no passive effects
@: confused, lethally poisoned (0 -> -3)
A: no striking features
a: no special abilities


You were on level 3 of the Dungeon.
You visited 1 branch of the dungeon, and saw 3 of its levels.

You collected 191 gold pieces.

Inventory:

Hand Weapons
 a - a +0 war axe (weapon)
Missiles
 e - 2 throwing nets (quivered)
Armour
 b - a +0 scale mail (worn)
 c - a +0 buckler (worn)
 h - a +0 pair of gloves (worn)
 m - a +0 hat
Scrolls
 f - a scroll of immolation {unknown}
 g - 2 scrolls of fear {unknown}
 i - a scroll of blinking {unknown}
 k - a scroll of identify {unknown}
 l - a scroll of torment {unknown}
Potions
 d - a potion of might
 j - a potion of lignification {unknown}


   Skills:
 + Level 4.2 Fighting
 + Level 4.2 Axes
 + Level 4.1 Armour
 + Level 0.5 Dodging
 + Level 3.5 Shields


You had 3 spell levels left.
You didn't know any spells.
Your spell library contained the following spells:

 Spells                   Type           Power      Damage    Failure   Level
 Kiss of Death            Conj/Necr      0%         2d5       83%         1
 Confusing Touch          Hex            0%         N/A       99%         3
 Cause Fear               Hex            0%         N/A       100%        4
 Dispel Undead            Necr           0%         3d6       100%        4
 Dragon Form              Tmut           0%         N/A       100%        7
 Dragon's Call            Summ           0%         N/A       100%        9


Dungeon Overview and Level Annotations

Branches:
Dungeon (3/15)

Altars:

Shops:
D:1 (:[?

Annotations:
D:3 1 runed translucent door, Crazy Yiuf


Message History

You see here a frilled lizard corpse.
Found an escape hatch in the ceiling.
You see here a staff of earth.
There is an escape hatch in the ceiling here.
You now have 191 gold pieces (gained 9).
An adder comes into view.
The adder hisses angrily.
You hit the adder but do no damage. You block the adder's attack.
The adder bites you but does no damage.
You barely miss the adder. You block the adder's attack.
The adder bites you but does no damage.
You slash the adder!
You kill the adder!
Your Armour skill increases to level 4!
Done exploring.
There is a stone staircase leading up here.
There is an escape hatch in the floor here.
You slide downwards.
The hatch slams shut behind you.
Found eleven hammers.
Found a runed translucent door.
You see here a +0 hammer.
Crazy Yiuf hits you with a +4 quarterstaff of chaos.
You are poisoned.
You see here a +0 hammer.
You closely miss Crazy Yiuf.
You feel very sick. Crazy Yiuf completely misses you.
You barely miss Crazy Yiuf.
You feel sick.
Crazy Yiuf hits you with a +4 quarterstaff of chaos!
You are confused.
You barely miss Crazy Yiuf.
You feel sick.
Crazy Yiuf cries, "Two!
Rifle shrimp return to song."
Crazy Yiuf closely misses you.
You feel sick.
Crazy Yiuf hits you with a +4 quarterstaff of chaos!
* * * LOW HITPOINT WARNING * * *
You are electrocuted!
* * * LOW HITPOINT WARNING * * *
You see here a +0 hammer.
You bump into the stone wall.
You die...

# )#
) )##
#)#
##+##
#)))#
#)))#
#)g@#
#####


You could see Crazy Yiuf.

Vanquished Creatures
  4 adders (D:2)
  2 worms (D:2)
  2 dart slugs
  5 endoplasms
  5 giant cockroaches
  4 goblins (D:1)
  6 hobgoblins (D:1)
  2 jackals (D:1)
  3 ball pythons
  2 bats (D:1)
  A frilled lizard (D:2)
  2 kobolds
  2 rats (D:1)
40 creatures vanquished.

Notes
Turn   | Place    | Note
-------+----------+-------------------------------------------
     0 | D:1      | fireball365 the Hill Orc Fighter began the quest for the
                  | Orb.
     0 | D:1      | Reached XP level 1. HP: 19/19 MP: 1/1
    35 | D:1      | Found Veyto's Magic Scroll Shoppe.
   121 | D:1      | Found Daizow's Antique Armour Emporium.
   167 | D:1      | Reached XP level 2. HP: 27/27 MP: 2/2
   392 | D:1      | Found Aweeb's Book Shoppe.
   505 | D:1      | Reached XP level 3. HP: 30/33 MP: 3/3
   520 | D:1      | Found Holor's Weapon Emporium.
  1223 | D:2      | Reached XP level 4. HP: 40/40 MP: 4/4
  1576 | D:3      | Noticed Crazy Yiuf
  1576 | D:3      | Found a runed translucent door.
  1581 | D:3      | HP: 1/40 [Crazy Yiuf/+4 quarterstaff of chaos (8)]
  1582 | D:3      | Succumbed to Crazy Yiuf's poison

Illustrated notes

Levels and vault maps discovered:
D:1:      dpeg_arrival_oval, layout_basic, serial_shops, shop, shop_coins,
          nicolae_shop_overgrown_old_shop, shop
D:2:      layout_rooms
D:3:      layout_basic, mainiacjoe_overflow_catch_the_wave,
          ebering_ecumenical_altar_rust, serial_shops, shop,
          uniq_crazy_yiuf_cottage

Skill      XL: |  1  2  3  4 |
---------------+-------------+-----
Fighting       | 4 |  4.2
Axes           | 3 4 |  4.2
Armour         | 4 |  4.1
Dodging        | |  0.5
Shields        | |  3.5

Action                     |  1- 3 |  4- 6 || total
---------------------------+-------+-------++-------
  Melee: War axe           |   119 |    16 ||   135
 Armour: Scale mail        |    58 |     4 ||    62
  Dodge: Dodged            |    69 |    10 ||    79
  Block: Buckler           |    37 |     4 ||    41
